 Dungeon Crawl Stone Soup version 0.23.0 (webtiles) character file.

Game seed: 6112952271476114772

21 redwoodhats the Magician (level 2, 0/20 HPs)
             Began as a Centaur Wizard on Feb 10, 2019.
             Slain by Grinder (5 damage)
             ... while paralysed by Grinder
             ... on level 3 of the Dungeon on Feb 11, 2019.
             The game lasted 00:06:43 (1248 turns).

redwoodhats the Magician (Centaur Wizard)           Turns: 1248, Time: 00:06:43

Health: 0/20       AC:  4    Str:  9    XL:     2   Next: 65%
Magic:  2/6        EV:  1    Int: 17    God:
Gold:   48         SH:  0    Dex:  7    Spells: 6/7 levels left

rFire    . . .     SeeInvis .   i - +0 halberd
rCold    . . .     Gourm    .   (shield currently unavailable)
rNeg     . . .     Faith    .   a - +0 robe
rPois    .         Spirit   .   b - +0 hat
rElec    .         Reflect  .   (no cloak)
rCorr    .         Harm     .   (no gloves)
MR       .....                  (no barding)
Stlth    +.........             (no amulet)
HPRegen  0.06/turn              (no ring)
MPRegen  0.10/turn              (no ring)

@: paralysed, very quick
A: large, hooves 3, deformed body, speed 2, tough skin 3
a: no special abilities


You were on level 3 of the Dungeon.
You were not hungry.

You visited 1 branch of the dungeon, and saw 3 of its levels.

You collected 48 gold pieces.

Inventory:

Hand Weapons
 e - a +0 hunting sling
 i - a +0 halberd (weapon)
Missiles
 g - 6 javelins (quivered)
Armour
 a - a +0 robe (worn)
 b - a +0 hat (worn)
Scrolls
 c - a scroll of remove curse {unknown}
 h - a scroll of immolation {unknown}
Potions
 f - a potion of curing {unknown}
Comestibles
 d - 6 rations


   Skills:
 + Level 1.4 Dodging
 + Level 1.1 Stealth
 + Level 3.1 Spellcasting
 + Level 0.8 Conjurations
   Level 0.8 Summonings
   Level 0.8 Translocations


You had 6 spell levels left.
You knew the following spells:

 Your Spells              Type           Power        Failure   Level  Hunger
a - Magic Dart            Conj           #...         12%         1    None

Your spell library contained the following spells:

 Spells                   Type           Power        Failure   Level  Hunger
 Blink                    Tloc           N/A          19%         2    ##.....
 Call Imp                 Summ           #.......     19%         2    ##.....
 Slow                     Hex            #.......     26%         2    ##.....
 Conjure Flame            Conj/Fire      #.......     41%         3    ###....
 Mephitic Cloud           Conj/Pois/Air  #.......     43%         3    ###....


Dungeon Overview and Level Annotations

Branches:
Dungeon (2/15)

Altars:
Uskayaw

Annotations:
D:3 Grinder


Innate Abilities, Weirdness & Mutations

You have hooves in place of feet.
Armour fits poorly on your strangely shaped body.
You cover ground very quickly.
You have extremely tough skin. (AC +3)


Message History

You barely miss Grinder. You kick Grinder!
Grinder is heavily wounded.
Grinder hits you.
You writhe in agony.
Grinder closely misses you.
You barely miss Grinder.
Grinder is heavily wounded.
Grinder barely misses you.
You closely miss Grinder. You kick Grinder.
Grinder is heavily wounded.
Grinder gestures at you.
You suddenly lose the ability to move!
Grinder blinks!
Grinder blinks!
The goblin hits you but does no damage. x2
Grinder says, "Wait up."
Grinder gestures at you. Pain shoots through your body!
The goblin hits you with a +0 dagger.
The goblin hits you but does no damage. x2
Grinder hits you but does no damage. The goblin hits you with a +0 dagger.
* * * LOW HITPOINT WARNING * * *
Grinder hits you.
You die...

#.##....#
##..#....#
....#....#
#....†.# ##.....#
#.....# ##....#
########5####
##+###......@..#
#...##.....g.#)#
#............#..#
#............##.#
#............# .#
#..§........[# ..
#..)####'#####
#.# #...# #.# ..
.......§ ... ..#


You could see Grinder and a goblin.

Vanquished Creatures
  An adder (D:2)
  An orc (D:3)
  A giant cockroach (D:1)
  2 goblins
  A hobgoblin (D:2)
  A kobold (D:1)
  A bat (D:2)
  A frilled lizard (D:2)
  3 rats
12 creatures vanquished.

Notes
Turn   | Place    | Note
-------+----------+-------------------------------------------
     0 | D:1      | redwoodhats the Centaur Wizard began the quest for the Orb.
     0 | D:1      | Reached XP level 1. HP: 14/14 MP: 3/3
   983 | D:2      | Found a hide-covered altar of Uskayaw.
   983 | D:2      | Noticed a +0 hand axe
   987 | D:2      | Noticed a +0 dagger
   990 | D:2      | Reached skill level 3 in Spellcasting
   990 | D:2      | Reached XP level 2. HP: 19/20 MP: 0/6
  1078 | D:2      | You fall through a shaft!
  1204 | D:3      | Noticed Grinder
  1226 | D:3      | Paralysed by Grinder for 6 turns
  1235 | D:3      | Paralysed by Grinder for 3 turns
  1242 | D:3      | Paralysed by Grinder for 7 turns
  1248 | D:3      | Slain by Grinder

Skill      XL: |  1 |
---------------+----+-----
Spellcasting   | 3 |  3.1
Dodging        | |  1.4
Stealth        | |  1.1
Conjurations   | |  0.8
Summonings     | |  0.8
Translocations | |  0.8

Action                   || total
-------------------------++-------
Melee: Unarmed           ||    30
       Kick              ||     7
       Halberd           ||     5
 Cast: Magic Dart        ||    25
Armor: Robe              ||    15
Dodge: Dodged            ||    16
